 Dungeon Crawl Stone Soup version 0.29.0-4-gdea44cf6ec (webtiles) character file.

Game seed: 17037991074280928313

54678 qw the Severer (level 14, -13/94 HPs)
             Began as a Gargoyle Berserker on Sept 8, 2022.
             Was an Elder of Trog.
             Killed from afar by Frances (53 damage)
             ... with an iron shot
             ... on level 13 of the Dungeon.
             The game lasted 00:07:07 (23917 turns).

qw the Severer (Gargoyle Berserker)                Turns: 23917, Time: 00:07:07

Health: -13/94     AC: 47    Str: 26    XL:     14   Next: 74%
Magic:  0/14       EV:  5    Int:  8    God:    Trog [****..]
Gold:   1418       SH: 12    Dex:  9    Spells: 13/13 levels left

rFire   . . .      SeeInvis +   Y - +2 war axe
rCold   + . .      Faith    .   n - +0 tower shield
rNeg    + . .      Spirit   +   y - +4 plate armour {rC+}
rPois   inf        Reflect  .   r - +1 helmet
rElec   +          Harm     .   h - +2 cloak
rCorr   .          Rampage  .   q - +2 pair of gloves
Will    +....                   a - +2 pair of boots
Stlth   ..........              l - amulet of guardian spirit
HPRegen 0.25/turn               e - ring of see invisible
MPRegen 0.14/turn               b - +4 ring of protection

@: about to teleport, spiked, on berserk cooldown, flying, slowed, very slow
A: sickness immunity, AC +10, big wings, negative energy resistance 1,
electricity resistance, torment resistance 1, petrification resistance
a: Renounce Religion, Berserk, Trog's Hand, Brothers in Arms


You were on level 13 of the Dungeon.
You worshipped Trog.
Trog was greatly pleased with you.
You visited 2 branches of the dungeon, and saw 18 of its levels.

You collected 1418 gold pieces.


Innate Abilities, Weirdness & Mutations

You are immune to sickness and miasma.
Your stone body is resilient. (AC +10)
You are immune to poison.
Your large and strong wings let you fly.
You resist negative energy. (rN+)
You are resistant to electric shocks. (rElec)
You are resistant to unholy torment.
You are immune to petrification.


   Skills:
 - Level 13.1 Fighting
 - Level 16.0 Axes
 - Level 5.0 Throwing
 - Level 12.6 Armour
 - Level 3.3 Dodging
 + Level 5.6 Shields


You had 13 spell levels left.
You didn't know any spells.
Your spell library was empty.

Inventory:

Hand Weapons
 j - a +0 morningstar
 Y - a +2 war axe (weapon)
Missiles
 c - 8 boomerangs (quivered)
 x - 3 javelins
Armour
 a - a +2 pair of boots (worn)
 h - a +2 cloak (worn)
 n - a +0 tower shield (worn)
 q - a +2 pair of gloves (worn)
 r - a +1 helmet (worn)
 y - a +4 plate armour of cold resistance (worn)
Jewellery
 b - a +4 ring of protection (right hand)
 e - a ring of see invisible (left hand)
 l - an amulet of guardian spirit (around neck)
 m - a +4 ring of slaying {mikee}
Scrolls
 d - 2 scrolls of teleportation
 i - 4 scrolls of identify
Potions
 f - 3 potions of might
 g - 4 potions of curing
 o - 3 potions of mutation
 p - 5 potions of heal wounds
 s - 3 potions of resistance

Dungeon Overview and Level Annotations

Branches:
Dungeon (13/15)            Temple (0/1) D:7            Lair (5/5) D:8
 Shoals (0/4) Lair:2       Spider (0/4) Lair:3        Slime (0/5) Lair:4
    Orc (0/2) D:9
 Vaults: D:13-14

Altars:
Ashenzari
Elyvilon
Kikubaaqudgha
Qazlal
Xom
The Shining One

Shops:
D:1 [   D:5 (   D:9 :   D:11 :

Annotations:
D:4 1 runed translucent door, Crazy Yiuf
D:9 1 runed translucent door, qw's ghost, journeyman MiFi
D:10 2 transporters, Dirihyb's ghost, novice GrFi
D:13 Frances
Lair:1 2 transporters, qw's ghost, journeyman MiFi
Lair:4 1 runed translucent door
Lair:5 1 runed translucent door


Message History

You completely miss the red devil. You barely miss the hellwing.
A vampire mosquito comes into view.
Frances growls a series of guttural syllables.
Frances hits you but does no damage. You block the orange demon's attack.
The red devil hits you with a +2 demon trident of venom!
Barbed spikes become lodged in your body.
You block the hellwing's attack.
The hellwing hits you but does no damage.
You block Frances's attack.
The orange demon stings you but does no damage.
The red devil hits you with a +2 demon trident of venom!
Barbed spikes become lodged in your body.
You block the hellwing's attack.
The hellwing hits you but does no damage.
The vampire mosquito moves out of view.
23915 ||| READING 3 scrolls of teleportation.
As you read the scroll of teleportation, it crumbles to dust.
You feel strangely unstable. You block Frances's attack.
The orange demon stings you but does no damage.
You block the red devil's attack. The hellwing barely misses you.
You block the hellwing's attack.
23916 ||| DRINKING 7 potions of heal wounds.
You feel much better. You block Frances's attack.
The orange demon stings you from afar!
The red devil hits you but does no damage.
You block the hellwing's attack.
The hellwing hits you but does no damage.
The orange demon stings you but does no damage.
Frances hits you with a +0 scimitar of holy wrath!
The hellwing hits you but does no damage.
You block the hellwing's attack.
The red devil hits you with a +2 demon trident of venom!
Barbed spikes become lodged in your body.
23917 ||| DRINKING 6 potions of heal wounds.
You feel much better.
Frances whispers indecipherable words.
The iron shot hits you!!!
Ouch! That really hurt!
You die...

#..........#..#.#
###...
................#
#.....
.........(##.#####.#...
#.................#...
#.......###.###...###.
#.......# #.#.........
.###.......#
#.......#...
.......4...#
#.......#...
......y@@4.#
#<......#...
......4#####
#.....###... .......
#.....##.... ......(
#........... .......
............. ....@..
#............. .....y.
#...#+#####... .....
... ..


You could see Frances, an orange demon (summoned), a hellwing (summoned), a red
devil (summoned) and a vampire mosquito.

Vanquished Creatures
  A fire dragon (Lair:5)
  4 hydras
  Fannar (Lair:1)
  A two-headed ogre (D:9)
  3 centaur warriors
  Urug (Lair:5)
  A swamp dragon (Lair:5)
  2 lindwurms (Lair:5)
  A deep elf pyromancer (D:13)
  2 ugly things
  4 cyclopes
  5 elephants (Lair:5)
  3 manticores
  4 black mambas
  A gargoyle (D:12)
  A black mamba (shapeshifter) (D:13)
  5 torpor snails (Lair:5)
  6 cane toads
  An unseen horror (D:12)
  3 rime drakes
  5 komodo dragons
  4 polar bears
  6 trolls
  10 hornets
  Grinder (D:6)
  3 tyrant leeches (Lair:5)
  12 blink frogs
  6 dream sheep (Lair:5)
  2 slime creatures
  2 wraiths (D:11)
  A shadow (D:8)
  4 wyverns
  34 yaks
  3 fire bats (Lair:1)
  Eustachio (D:6)
  6 basilisks
  2 steam dragons (Lair:5)
  5 vampire mosquitoes
  Edmund (D:6)
  3 acid dragons
  6 water moccasins
  4 black bears
  2 ice beasts
  An ogre (D:4)
  3 swamp drakes (Lair:5)
  3 centaurs
  7 wolves (Lair:1)
  2 kobold brigands (D:11)
  2 phantoms
  A necrophage (D:7)
  8 bullfrogs
  2 scorpions (D:5)
  3 wights (D:10)
  9 killer bees
  2 troll zombies (D:9)
  6 howler monkeys
  3 electric eels (Lair:5)
  3 hounds
  2 orc priests
  2 jellies
  Jessica (D:3)
  7 iguanas
  7 orc wizards
  6 ogre zombies (D:9)
  8 adders
  A shadow imp (D:7)
  2 white imps
  3 ufetubi
  A worm (D:4)
  3 dart slugs
  17 orcs
  A bat (D:1)
  5 endoplasms
  3 giant cockroaches (D:4)
  5 goblins
  3 hobgoblins
  3 jackals (D:4)
  2 quokkas
  12 ball pythons
  3 frilled lizards
  4 goblin skeletons (D:9)
  3 goblin zombies (D:9)
  4 hobgoblin skeletons (D:9)
  3 hobgoblin zombies (D:9)
  14 kobolds
  4 orc skeletons (D:9)
  7 orc zombies (D:9)
  4 rats
368 creatures vanquished.

Vanquished Creatures (others)
  12 fungi
  39 plants
51 creatures vanquished.

Grand Total: 419 creatures vanquished

Notes
Turn   | Place    | Note
-------+----------+-------------------------------------------
     0 | D:1      | qw the Gargoyle Berserker began the quest for the Orb.
     0 | D:1      | Reached XP level 1. HP: 14/14 MP: 1/1
     0 | D:1      | 0 ||| qw: Version: 0.1-a-111-g1c1fd2e
     0 | D:1      | 0 ||| qw: Game counter: 6625
     0 | D:1      | 0 ||| qw: Always use a shield: true
     0 | D:1      | 0 ||| qw: Do Orc after D:15 true
     0 | D:1      | 0 ||| qw: Do second Lair branch before Depths: true
     0 | D:1      | 0 ||| qw: Lair rune preference: random
     0 | D:1      | 0 ||| qw: Plans: Normal
     0 | D:1      | 0 ||| PLANNING D:1-11
    89 | D:1      | Reached skill level 3 in Axes
   154 | D:1      | Reached XP level 2. HP: 19/19 MP: 2/2
   170 | D:1      | 170 ||| Stepping ~*~*~tactically~*~*~ (stealth).
   171 | D:1      | 171 ||| Stepping ~*~*~tactically~*~*~ (stealth).
   388 | D:1      | Found Meci's Antique Armour Boutique.
   391 | D:1      | 391 ||| SHOPLISTING glowing plate armour (650 gold, have
                  | 16).
   391 | D:1      | 391 ||| SHOPLISTING heavily jewelled robe (142 gold, have
                  | 16).
   391 | D:1      | 391 ||| SHOPLISTING pair of gloves (112 gold, have 16).
   391 | D:1      | 391 ||| SHOPLISTING runed chain mail (187 gold, have 16).
   391 | D:1      | 391 ||| SHOPLISTING scale mail (100 gold, have 16).
   420 | D:1      | 420 ||| Stepping ~*~*~tactically~*~*~ (stealth).
   421 | D:1      | 421 ||| Stepping ~*~*~tactically~*~*~ (stealth).
   424 | D:1      | 424 ||| Stepping ~*~*~tactically~*~*~ (stealth).
   426 | D:1      | 426 ||| UPGRADING to +0 ring mail.
   466 | D:1      | 466 ||| Stepping ~*~*~tactically~*~*~ (stealth).
   467 | D:1      | 467 ||| Stepping ~*~*~tactically~*~*~ (stealth).
   486 | D:1      | 486 ||| Stepping ~*~*~tactically~*~*~ (stealth).
   493 | D:1      | 493 ||| Stepping ~*~*~tactically~*~*~ (stealth).
   494 | D:1      | 494 ||| Stepping ~*~*~tactically~*~*~ (stealth).
   495 | D:1      | 495 ||| DROPPING +0 animal skin.
   665 | D:1      | Reached XP level 3. HP: 23/23 MP: 3/3
   671 | D:1      | 671 ||| Stepping ~*~*~tactically~*~*~ (stealth).
   674 | D:1      | Reached ** piety under Trog
   771 | D:1      | Found a faded altar of an unknown god.
  1143 | D:2      | Found a shimmering altar of Xom.
  1599 | D:2      | 1599 ||| DROPPING orb of light.
  1600 | D:2      | 1600 ||| UPGRADING to +0 ring mail of fire resistance.
  1610 | D:2      | 1610 ||| DROPPING +0 ring mail.
  1611 | D:2      | 1611 ||| READING 2 scrolls labelled VAROLY PEPUXTI.
  1612 | D:2      | 1612 ||| READING scroll of enchant weapon.
  1612 | D:2      | 1612 ||| ENCHANTING +1 hand axe.
  1613 | D:2      | 1613 ||| READING scroll labelled COAMIFF NU GUT.
  1618 | D:2      | 1618 ||| READING scroll labelled MEASES EPYL.
  1619 | D:2      | 1619 ||| READING scroll labelled WECVOL TOASA.
  1620 | D:2      | 1620 ||| DRINKING 3 fuming pink potions.
  1649 | D:3      | Noticed Jessica
  1650 | D:3      | 1650 ||| Stepping ~*~*~tactically~*~*~ (hiding).
  1655 | D:3      | Killed Jessica
  1656 | D:3      | Reached skill level 1 in Throwing
  1656 | D:3      | Reached XP level 4. HP: 28/28 MP: 4/4
  1905 | D:3      | 1905 ||| DROPPING +0 club.
  2029 | D:3      | 2029 ||| INVOKING Berserk.
  2032 | D:3      | Reached skill level 4 in Axes
  2147 | D:3      | 2147 ||| Stepping ~*~*~tactically~*~*~ (stealth).
  2157 | D:3      | 2157 ||| DROPPING +0 whip.
  2388 | D:3      | 2388 ||| READING scroll labelled NIAQUADWOWK.
  2389 | D:3      | 2389 ||| READING 2 scrolls labelled LIKKAE TUBOUNN.
  2390 | D:3      | 2390 ||| READING scroll labelled JOMPOA AHUARIKH.
  2391 | D:3      | 2391 ||| DRINKING 2 bubbling pink potions.
  2392 | D:3      | 2392 ||| DROPPING scroll of amnesia.
  2393 | D:3      | 2393 ||| DROPPING potion of brilliance.
  2428 | D:4      | 2428 ||| INVOKING Berserk.
  2431 | D:4      | Reached XP level 5. HP: 21/32 MP: 5/5
  2611 | D:4      | 2611 ||| Stepping ~*~*~tactically~*~*~ (stealth).
  2655 | D:4      | Found an ancient bone altar of Kikubaaqudgha.
  2662 | D:4      | Found a shimmering altar of Xom.
  2663 | D:4      | Found a white marble altar of Elyvilon.
  2664 | D:4      | Found a stormy altar of Qazlal.
  2685 | D:4      | Reached skill level 5 in Axes
  2805 | D:4      | Found a runed translucent door.
  2806 | D:4      | Noticed Crazy Yiuf
  2905 | D:4      | Noticed an ogre
  2907 | D:4      | 2907 ||| INVOKING Berserk.
  2911 | D:4      | Killed an ogre
  2912 | D:4      | Reached XP level 6. HP: 38/39 MP: 6/6
  3244 | D:4      | 3244 ||| Stepping ~*~*~tactically~*~*~ (stealth).
  3542 | D:4      | 3542 ||| UPGRADING to +2 pair of boots.
  3547 | D:4      | 3547 ||| DRINKING 2 bubbling brown potions.
  3577 | D:4      | 3577 ||| DRINKING 2 viscous brown potions.
  3578 | D:4      | 3578 ||| DROPPING potion of lignification.
  3579 | D:4      | 3579 ||| DROPPING potion of degeneration.
  3606 | D:5      | Entered Level 5 of the Dungeon
  3623 | D:5      | 3623 ||| STAIRDANCE
  3911 | D:5      | Reached skill level 6 in Axes
  3911 | D:5      | Reached XP level 7. HP: 24/44 MP: 7/7
  4069 | D:5      | Found Ohetiuf's Weapon Boutique.
  4282 | D:5      | 4282 ||| Stepping ~*~*~tactically~*~*~ (hiding).
  4283 | D:5      | 4283 ||| Stepping ~*~*~tactically~*~*~ (hiding).
  4600 | D:5      | 4600 ||| UPGRADING to ring of see invisible.
  4686 | D:6      | 4686 ||| INVOKING Berserk.
  4690 | D:6      | Reached skill level 7 in Axes
  4937 | D:6      | Noticed Eustachio
  4938 | D:6      | 4938 ||| INVOKING Berserk.
  4945 | D:6      | Killed Eustachio
  4946 | D:6      | Reached XP level 8. HP: 51/51 MP: 8/8
  5064 | D:6      | Found a broken altar of Ashenzari.
  5067 | D:6      | Noticed Grinder
  5068 | D:6      | 5068 ||| INVOKING Trog's Hand.
  5069 | D:6      | 5069 ||| INVOKING Berserk.
  5080 | D:6      | Killed Grinder
  5211 | D:6      | Reached skill level 8 in Axes
  5280 | D:6      | Reached skill level 6 in Fighting
  5372 | D:6      | Noticed Edmund
  5376 | D:6      | 5376 ||| INVOKING Berserk.
  5383 | D:6      | Killed Edmund
  5580 | D:6      | 5580 ||| Stepping ~*~*~tactically~*~*~ (hiding).
  5939 | D:6      | 5939 ||| UPGRADING to amulet of guardian spirit.
  5944 | D:6      | 5944 ||| DRINKING 2 sedimented pink potions.
  5945 | D:6      | 5945 ||| READING 5 scrolls of identify.
  5945 | D:6      | 5945 ||| IDENTIFYING bubbling white potion
  5946 | D:6      | 5946 ||| READING 4 scrolls of identify.
  5946 | D:6      | 5946 ||| IDENTIFYING ruby potion
  5947 | D:6      | 5947 ||| READING 3 scrolls of identify.
  5947 | D:6      | 5947 ||| IDENTIFYING purple potion
  5948 | D:6      | 5948 ||| DROPPING potion of ambrosia.
  5949 | D:6      | 5949 ||| DROPPING potion of attraction.
  6101 | D:7      | Reached skill level 9 in Axes
  6194 | D:7      | Found a staircase to the Ecumenical Temple.
  6199 | D:7      | 6199 ||| INVOKING Berserk.
  6426 | D:7      | 6426 ||| INVOKING Berserk.
  6431 | D:7      | Reached XP level 9. HP: 56/56 MP: 6/9
  6439 | D:7      | 6439 ||| Stepping ~*~*~tactically~*~*~ (stealth).
  6800 | D:7      | 6800 ||| Stepping ~*~*~tactically~*~*~ (stealth).
  6804 | D:7      | 6804 ||| Stepping ~*~*~tactically~*~*~ (hiding).
  6807 | D:7      | Reached *** piety under Trog
  7221 | D:7      | 7221 ||| READING scroll labelled INGIORPHINU.
  7222 | D:7      | 7222 ||| READING scroll labelled GOPNARUANG.
  7330 | D:8      | 7330 ||| Stepping ~*~*~tactically~*~*~ (stealth).
  7352 | D:8      | 7352 ||| INVOKING Berserk.
  7353 | D:8      | HP: 21/85 [yak (2)]
  7356 | D:8      | Reached skill level 10 in Axes
  7628 | D:8      | 7628 ||| INVOKING Berserk.
  7632 | D:8      | Reached skill level 3 in Armour
  7761 | D:8      | Found a staircase to the Lair.
  7907 | D:8      | Noticed a hornet
  7921 | D:8      | Killed a hornet
  8353 | D:8      | 8353 ||| PLANNING LAIR
  8353 | D:8      | 8353 ||| READING scroll labelled ICLOPU UCVOEDGH.
  8354 | D:8      | 8354 ||| READING 2 scrolls of identify.
  8354 | D:8      | 8354 ||| IDENTIFYING coppery potion
  8355 | D:8      | 8355 ||| DROPPING potion of flight.
  8380 | Lair:1   | Entered Level 1 of the Lair of Beasts
  8385 | Lair:1   | Noticed Fannar
  8398 | Lair:1   | 8398 ||| INVOKING Berserk.
  8403 | Lair:1   | Killed Fannar
  8404 | Lair:1   | Reached skill level 11 in Axes
  8404 | Lair:1   | Reached XP level 10. HP: 26/64 MP: 3/10
  8651 | Lair:1   | Noticed a cane toad
  8655 | Lair:1   | 8655 ||| INVOKING Berserk.
  8661 | Lair:1   | Killed a cane toad
  8810 | Lair:1   | Found a transporter.
  8950 | Lair:1   | Noticed a moth of wrath
  8951 | Lair:1   | Noticed a cane toad
  8951 | Lair:1   | Noticed a cane toad
  8951 | Lair:1   | Noticed qw's ghost (journeyman MiFi)
  8961 | Lair:1   | 8961 ||| Stepping ~*~*~tactically~*~*~ (stealth).
  8975 | Lair:1   | 8975 ||| INVOKING Berserk.
  8982 | Lair:1   | Reached skill level 9 in Fighting
  9189 | Lair:1   | Found a transporter.
  9211 | Lair:1   | Noticed a five-headed hydra
  9213 | Lair:1   | 9213 ||| SWAPPING to +0 morningstar.
  9215 | Lair:1   | 9215 ||| INVOKING Berserk.
  9221 | Lair:1   | Killed a five-headed hydra
  9222 | Lair:1   | Reached skill level 12 in Axes
  9243 | Lair:1   | 9243 ||| SWAPPING to +2 hand axe.
  9283 | Lair:1   | 9283 ||| Stepping ~*~*~tactically~*~*~ (stealth).
  9285 | Lair:1   | Noticed a black mamba
  9290 | Lair:1   | 9290 ||| INVOKING Berserk.
  9300 | Lair:1   | Killed a black mamba
  9443 | Lair:1   | 9443 ||| INVOKING Berserk.
  9519 | Lair:1   | 9519 ||| INVOKING Berserk.
  9527 | Lair:1   | Reached XP level 11. HP: 72/72 MP: 8/11
  9716 | Lair:1   | 9716 ||| INVOKING Berserk.
 10290 | Lair:1   | 10290 ||| UPGRADING to +0 cloak.
 10303 | Lair:2   | 10303 ||| Stepping ~*~*~tactically~*~*~ (stealth).
 10307 | Lair:2   | 10307 ||| INVOKING Berserk.
 10475 | Lair:2   | Noticed a seven-headed hydra
 10478 | Lair:2   | 10478 ||| SWAPPING to +0 morningstar.
 10480 | Lair:2   | 10480 ||| INVOKING Berserk.
 10486 | Lair:2   | Killed a seven-headed hydra
 10487 | Lair:2   | Reached skill level 13 in Axes
 10493 | Lair:2   | 10493 ||| SWAPPING to +2 hand axe.
 10647 | Lair:2   | 10647 ||| SWAPPING to +0 war axe.
 10648 | Lair:2   | 10648 ||| DROPPING +2 hand axe.
 10896 | Lair:2   | 10896 ||| INVOKING Berserk.
 10901 | Lair:2   | Reached skill level 3 in Dodging
 11012 | Lair:2   | 11012 ||| READING scroll of enchant weapon.
 11012 | Lair:2   | 11012 ||| ENCHANTING +0 war axe.
 11044 | Lair:2   | 11044 ||| INVOKING Berserk.
 11501 | Lair:2   | Found a staircase to the Shoals.
 11572 | Lair:2   | 11572 ||| INVOKING Berserk.
 12028 | Lair:2   | 12028 ||| READING scroll labelled RAQOXY MINN.
 12029 | Lair:2   | 12029 ||| DRINKING 2 lumpy silvery potions.
 12030 | Lair:2   | 12030 ||| READING 3 scrolls of identify.
 12030 | Lair:2   | 12030 ||| IDENTIFYING metallic silvery potion
 12268 | Lair:3   | 12268 ||| Stepping ~*~*~tactically~*~*~ (hiding).
 12502 | Lair:3   | Found a hole to the Spider Nest.
 12599 | Lair:3   | 12599 ||| Stepping ~*~*~tactically~*~*~ (stealth).
 12600 | Lair:3   | 12600 ||| INVOKING Berserk.
 12756 | Lair:3   | 12756 ||| UPGRADING to +1 ring mail of willpower.
 12766 | Lair:3   | 12766 ||| READING scroll labelled LECSET JUQOYQ.
 12825 | Lair:3   | 12825 ||| READING 4 scrolls of identify.
 12825 | Lair:3   | 12825 ||| IDENTIFYING red potion
 12826 | Lair:3   | 12826 ||| DROPPING potion of berserk rage.
 12868 | Lair:4   | 12868 ||| Stepping ~*~*~tactically~*~*~ (stealth).
 12870 | Lair:4   | 12870 ||| Stepping ~*~*~tactically~*~*~ (stealth).
 12882 | Lair:4   | 12882 ||| INVOKING Berserk.
 12887 | Lair:4   | HP: 25/108 [yak (11)]
 13191 | Lair:4   | 13191 ||| Stepping ~*~*~tactically~*~*~ (stealth).
 13194 | Lair:4   | 13194 ||| INVOKING Berserk.
 13201 | Lair:4   | Reached skill level 14 in Axes
 13232 | Lair:4   | 13232 ||| Stepping ~*~*~tactically~*~*~ (stealth).
 13271 | Lair:4   | 13271 ||| Stepping ~*~*~tactically~*~*~ (stealth).
 13273 | Lair:4   | 13273 ||| Stepping ~*~*~tactically~*~*~ (stealth).
 13278 | Lair:4   | 13278 ||| INVOKING Berserk.
 13316 | Lair:4   | Reached XP level 12. HP: 22/80 MP: 5/12
 13676 | Lair:4   | Identified the +1 ring mail "Gorry" {rElec Slay+2}
 13703 | Lair:4   | Noticed an eight-headed hydra
 13704 | Lair:4   | 13704 ||| SWAPPING to +0 morningstar.
 13705 | Lair:4   | 13705 ||| INVOKING Berserk.
 13710 | Lair:4   | Killed an eight-headed hydra
 13731 | Lair:4   | 13731 ||| SWAPPING to +1 war axe.
 13866 | Lair:4   | Noticed a five-headed hydra
 13869 | Lair:4   | 13869 ||| SWAPPING to +0 morningstar.
 13871 | Lair:4   | 13871 ||| INVOKING Berserk.
 13875 | Lair:4   | Killed a five-headed hydra
 13886 | Lair:4   | 13886 ||| SWAPPING to +1 war axe.
 14134 | Lair:4   | 14134 ||| INVOKING Berserk.
 14416 | Lair:4   | 14416 ||| Stepping ~*~*~tactically~*~*~ (stealth).
 14417 | Lair:4   | 14417 ||| Stepping ~*~*~tactically~*~*~ (stealth).
 14620 | Lair:4   | Found a runed translucent door.
 14623 | Lair:4   | Found a staircase to the Slime Pits.
 14847 | Lair:4   | 14847 ||| DROPPING +0 scale mail.
 14848 | Lair:4   | 14848 ||| DROPPING +1 ring mail "Gorry" {rElec Slay+2}.
 14849 | Lair:4   | 14849 ||| UPGRADING to +0 chain mail.
 14859 | Lair:4   | 14859 ||| DROPPING +1 ring mail of willpower.
 14860 | Lair:4   | 14860 ||| READING 3 scrolls of identify.
 14860 | Lair:4   | 14860 ||| IDENTIFYING viscous coppery potion
 14861 | Lair:4   | 14861 ||| DRINKING potion of experience.
 14861 | Lair:4   | Reached XP level 13. HP: 84/84 MP: 13/13
 14883 | Lair:5   | Entered Level 5 of the Lair of Beasts
 14892 | Lair:5   | 14892 ||| INVOKING Berserk.
 14897 | Lair:5   | Reached skill level 15 in Axes
 14941 | Lair:5   | 14941 ||| FLEEEEING.
 14942 | Lair:5   | 14942 ||| FLEEEEING.
 14944 | Lair:5   | 14944 ||| STAIRDANCE
 15214 | Lair:5   | 15214 ||| FLEEEEING.
 15215 | Lair:5   | 15215 ||| FLEEEEING.
 15216 | Lair:5   | 15216 ||| FLEEEEING.
 15218 | Lair:5   | 15218 ||| FLEEEEING.
 15219 | Lair:5   | 15219 ||| FLEEEEING.
 15220 | Lair:5   | 15220 ||| FLEEEEING.
 15221 | Lair:5   | 15221 ||| FLEEEEING.
 15295 | Lair:5   | Reached skill level 12 in Fighting
 15313 | Lair:5   | 15313 ||| INVOKING Berserk.
 15384 | Lair:5   | 15384 ||| FLEEEEING.
 15385 | Lair:5   | 15385 ||| FLEEEEING.
 15386 | Lair:5   | 15386 ||| FLEEEEING.
 15387 | Lair:5   | 15387 ||| FLEEEEING.
 15388 | Lair:5   | 15388 ||| FLEEEEING.
 15389 | Lair:5   | 15389 ||| FLEEEEING.
 15390 | Lair:5   | 15390 ||| STAIRDANCE
 15706 | Lair:5   | 15706 ||| Stepping ~*~*~tactically~*~*~ (stealth).
 15742 | Lair:5   | 15742 ||| INVOKING Berserk.
 15842 | Lair:5   | 15842 ||| INVOKING Berserk.
 16115 | Lair:5   | Noticed a fire dragon
 16116 | Lair:5   | 16116 ||| Stepping ~*~*~tactically~*~*~ (hiding).
 16120 | Lair:5   | 16120 ||| INVOKING Berserk.
 16130 | Lair:5   | Killed a fire dragon
 16381 | Lair:5   | 16381 ||| Stepping ~*~*~tactically~*~*~ (stealth).
 16388 | Lair:5   | 16388 ||| INVOKING Berserk.
 16395 | Lair:5   | Reached skill level 16 in Axes
 16398 | Lair:5   | 16398 ||| Stepping ~*~*~tactically~*~*~ (water).
 16524 | Lair:5   | Noticed Urug
 16525 | Lair:5   | 16525 ||| Stepping ~*~*~tactically~*~*~ (hiding).
 16532 | Lair:5   | 16532 ||| INVOKING Berserk.
 16542 | Lair:5   | Killed Urug
 16642 | Lair:5   | Found a runed translucent door.
 16643 | Lair:5   | Noticed a fire dragon
 16644 | Lair:5   | 16644 ||| INVOKING Berserk.
 16803 | Lair:5   | 16803 ||| Stepping ~*~*~tactically~*~*~ (stealth).
 16804 | Lair:5   | 16804 ||| Stepping ~*~*~tactically~*~*~ (stealth).
 16822 | Lair:5   | 16822 ||| Stepping ~*~*~tactically~*~*~ (stealth).
 16824 | Lair:5   | 16824 ||| Stepping ~*~*~tactically~*~*~ (stealth).
 16839 | Lair:5   | 16839 ||| INVOKING Berserk.
 16844 | Lair:5   | Reached skill level 3 in Throwing
 16869 | Lair:5   | 16869 ||| Stepping ~*~*~tactically~*~*~ (stealth).
 16893 | Lair:5   | 16893 ||| INVOKING Berserk.
 16904 | Lair:5   | HP: 18/87 [lindwurm/blast of flame (16)]
 16905 | Lair:5   | 16905 ||| READING 4 scrolls of teleportation.
 16905 | Lair:5   | HP: 5/87 [lindwurm/blast of flame (14)]
 16906 | Lair:5   | 16906 ||| DRINKING 3 potions of heal wounds.
 16907 | Lair:5   | 16907 ||| FLEEEEING.
 16908 | Lair:5   | 16908 ||| FLEEEEING.
 16909 | Lair:5   | 16909 ||| FLEEEEING.
 16910 | Lair:5   | 16910 ||| FLEEEEING.
 16911 | Lair:5   | 16911 ||| READING 3 scrolls of teleportation.
 16911 | Lair:5   | HP: 16/87 [electric eel/bolt of electricity (2)]
 16912 | Lair:5   | 16912 ||| DRINKING 2 potions of heal wounds.
 16914 | Lair:5   | 16914 ||| FLEEEEING.
 16915 | Lair:5   | 16915 ||| FLEEEEING.
 17135 | Lair:5   | 17135 ||| FLEEEEING.
 17136 | Lair:5   | 17136 ||| FLEEEEING.
 17137 | Lair:5   | 17137 ||| FLEEEEING.
 17138 | Lair:5   | 17138 ||| FLEEEEING.
 17269 | Lair:5   | 17269 ||| INVOKING Berserk.
 17277 | Lair:5   | Gained mutation: Your large and strong wings let you fly.
                  | [Gargoyle growth]
 17277 | Lair:5   | Reached XP level 14. HP: 92/92 MP: 12/14
 17442 | Lair:5   | 17442 ||| INVOKING Berserk.
 17671 | Lair:5   | 17671 ||| FLEEEEING.
 17672 | Lair:5   | 17672 ||| FLEEEEING.
 17673 | Lair:5   | 17673 ||| FLEEEEING.
 17674 | Lair:5   | 17674 ||| FLEEEEING.
 17675 | Lair:5   | 17675 ||| FLEEEEING.
 17676 | Lair:5   | 17676 ||| FLEEEEING.
 17677 | Lair:5   | 17677 ||| FLEEEEING.
 17678 | Lair:5   | 17678 ||| FLEEEEING.
 17679 | Lair:5   | 17679 ||| FLEEEEING.
 17680 | Lair:5   | 17680 ||| FLEEEEING.
 17681 | Lair:5   | 17681 ||| FLEEEEING.
 17682 | Lair:5   | 17682 ||| FLEEEEING.
 17683 | Lair:5   | 17683 ||| FLEEEEING.
 17684 | Lair:5   | 17684 ||| FLEEEEING.
 17685 | Lair:5   | 17685 ||| FLEEEEING.
 17686 | Lair:5   | 17686 ||| FLEEEEING.
 17687 | Lair:5   | 17687 ||| FLEEEEING.
 17688 | Lair:5   | 17688 ||| FLEEEEING.
 17689 | Lair:5   | 17689 ||| FLEEEEING.
 17690 | Lair:5   | 17690 ||| FLEEEEING.
 17691 | Lair:5   | 17691 ||| FLEEEEING.
 17692 | Lair:5   | 17692 ||| FLEEEEING.
 17693 | Lair:5   | 17693 ||| FLEEEEING.
 17694 | Lair:5   | 17694 ||| FLEEEEING.
 17696 | Lair:5   | 17696 ||| FLEEEEING.
 17698 | Lair:5   | 17698 ||| INVOKING Berserk.
 17875 | Lair:5   | 17875 ||| INVOKING Berserk.
 18106 | Lair:5   | 18106 ||| FLEEEEING.
 18107 | Lair:5   | 18107 ||| FLEEEEING.
 18108 | Lair:5   | 18108 ||| FLEEEEING.
 18109 | Lair:5   | 18109 ||| FLEEEEING.
 18110 | Lair:5   | 18110 ||| FLEEEEING.
 18111 | Lair:5   | 18111 ||| FLEEEEING.
 18112 | Lair:5   | 18112 ||| FLEEEEING.
 18113 | Lair:5   | 18113 ||| FLEEEEING.
 18115 | Lair:5   | 18115 ||| FLEEEEING.
 18117 | Lair:5   | 18117 ||| INVOKING Berserk.
 18399 | Lair:5   | 18399 ||| INVOKING Berserk.
 18826 | Lair:5   | 18826 ||| PLANNING D:1-11
 18826 | Lair:5   | 18826 ||| DROPPING +0 ring mail of fire resistance.
 18827 | Lair:5   | 18827 ||| UPGRADING to +0 pair of gloves.
 18832 | Lair:5   | 18832 ||| UPGRADING to +2 pair of gloves.
 18842 | Lair:5   | 18842 ||| DROPPING +0 pair of gloves.
 18843 | Lair:5   | 18843 ||| UPGRADING to +0 plate armour.
 18853 | Lair:5   | 18853 ||| DROPPING +0 chain mail.
 18854 | Lair:5   | 18854 ||| UPGRADING to +4 plate armour of cold resistance.
 18864 | Lair:5   | 18864 ||| DROPPING +0 plate armour.
 18865 | Lair:5   | 18865 ||| DROPPING ring of ice.
 18866 | Lair:5   | 18866 ||| UPGRADING to +6 ring of strength.
 18867 | Lair:5   | 18867 ||| READING scroll labelled BEDIPA UDAKK.
 18868 | Lair:5   | 18868 ||| READING scroll labelled KONISCH MYNKIA.
 18869 | Lair:5   | 18869 ||| READING 4 scrolls of identify.
 18869 | Lair:5   | 18869 ||| IDENTIFYING blue potion
 18870 | Lair:5   | 18870 ||| DROPPING potion of invisibility.
 19030 | D:9      | 19030 ||| Stepping ~*~*~tactically~*~*~ (stealth).
 19047 | D:9      | Found a staircase to the Orcish Mines.
 19048 | D:9      | 19048 ||| Stepping ~*~*~tactically~*~*~ (hiding).
 19049 | D:9      | 19049 ||| Stepping ~*~*~tactically~*~*~ (hiding).
 19051 | D:9      | 19051 ||| STAIRDANCE
 19061 | D:9      | 19061 ||| STAIRDANCE
 19081 | D:9      | 19081 ||| STAIRDANCE
 19088 | D:9      | 19088 ||| STAIRDANCE
 19093 | D:9      | 19093 ||| STAIRDANCE
 19142 | D:9      | 19142 ||| STAIRDANCE
 19186 | D:9      | 19186 ||| Stepping ~*~*~tactically~*~*~ (stealth).
 19187 | D:9      | 19187 ||| Stepping ~*~*~tactically~*~*~ (stealth).
 19197 | D:9      | 19197 ||| Stepping ~*~*~tactically~*~*~ (stealth).
 19247 | D:9      | 19247 ||| Stepping ~*~*~tactically~*~*~ (stealth).
 19390 | D:9      | 19390 ||| Stepping ~*~*~tactically~*~*~ (stealth).
 19406 | D:9      | 19406 ||| Stepping ~*~*~tactically~*~*~ (stealth).
 19407 | D:9      | 19407 ||| Stepping ~*~*~tactically~*~*~ (stealth).
 19426 | D:9      | Found Wukhli's Book Emporium.
 19614 | D:9      | 19614 ||| Stepping ~*~*~tactically~*~*~ (stealth).
 19623 | D:9      | Reached **** piety under Trog
 19628 | D:9      | Found a runed translucent door.
 19628 | D:9      | Noticed qw's ghost (journeyman MiFi)
 19929 | D:9      | 19929 ||| UPGRADING to +0 helmet.
 19934 | D:9      | 19934 ||| UPGRADING to +4 ring of protection.
 19936 | D:9      | 19936 ||| DROPPING ring of ice.
 19991 | D:10     | Entered Level 10 of the Dungeon
 20037 | D:10     | Found a glowing golden altar of the Shining One.
 20243 | D:10     | Found a transporter.
 20258 | D:10     | Noticed Dirihyb's ghost (novice GrFi)
 20262 | D:10     | 20262 ||| Stepping ~*~*~tactically~*~*~ (stealth).
 20325 | D:10     | Found a transporter.
 20340 | D:10     | 20340 ||| READING scroll of enchant weapon.
 20340 | D:10     | 20340 ||| ENCHANTING +1 war axe.
 20730 | D:10     | 20730 ||| UPGRADING to +2 cloak.
 20740 | D:10     | 20740 ||| DROPPING +0 cloak.
 20808 | D:11     | You are sucked into a shaft and drop 1 floor!
 20836 | D:12     | 20836 ||| DROPPING +1 pair of gloves.
 20964 | D:11     | Reached skill level 12 in Armour
 21069 | D:11     | 21069 ||| Stepping ~*~*~tactically~*~*~ (hiding).
 21272 | D:11     | 21272 ||| Stepping ~*~*~tactically~*~*~ (hiding).
 21484 | D:11     | 21484 ||| DROPPING +0 vorpal flail.
 21695 | D:11     | Found Kawieps's Vocational Training.
 21771 | D:11     | 21771 ||| UPGRADING to +0 tower shield.
 21776 | D:11     | 21776 ||| UPGRADING to +1 helmet.
 21786 | D:11     | 21786 ||| DROPPING +0 helmet.
 21787 | D:11     | 21787 ||| DROPPING +6 ring of strength.
 21934 | D:11     | 21934 ||| Stepping ~*~*~tactically~*~*~ (hiding).
 21990 | D:11     | Reached skill level 1 in Shields
 22055 | D:11     | 22055 ||| Stepping ~*~*~tactically~*~*~ (hiding).
 22060 | D:11     | 22060 ||| DRINKING 5 potions of curing.
 22060 | D:11     | 22060 ||| (to cure confusion)
 22197 | D:11     | Reached ***** piety under Trog
 22269 | D:11     | 22269 ||| PLANNING D
 22269 | D:11     | 22269 ||| READING scroll labelled KOCKIH ENNAMN.
 22347 | D:12     | 22347 ||| Stepping ~*~*~tactically~*~*~ (stealth).
 22349 | D:12     | 22349 ||| Stepping ~*~*~tactically~*~*~ (hiding).
 22350 | D:12     | 22350 ||| Stepping ~*~*~tactically~*~*~ (hiding).
 22666 | D:12     | Reached skill level 3 in Shields
 23095 | D:13     | 23095 ||| Stepping ~*~*~tactically~*~*~ (hiding).
 23212 | D:13     | 23212 ||| INVOKING Berserk.
 23212 | D:13     | HP: 23/141 [deep elf pyromancer/bolt of fire (25)]
 23217 | D:13     | HP: 12/141 [burnt (2)]
 23577 | D:13     | 23577 ||| Stepping ~*~*~tactically~*~*~ (stealth).
 23578 | D:13     | 23578 ||| Stepping ~*~*~tactically~*~*~ (stealth).
 23669 | D:13     | 23669 ||| Stepping ~*~*~tactically~*~*~ (stealth).
 23674 | D:13     | 23674 ||| INVOKING Berserk.
 23886 | D:13     | Noticed Frances
 23887 | D:13     | 23887 ||| Stepping ~*~*~tactically~*~*~ (hiding).
 23889 | D:13     | 23889 ||| Stepping ~*~*~tactically~*~*~ (hiding).
 23892 | D:13     | 23892 ||| INVOKING Berserk.
 23914 | D:13     | HP: 23/94 [red devil/+2 demon trident of venom[Frances]
                  | (9)]
 23915 | D:13     | 23915 ||| READING 3 scrolls of teleportation.
 23916 | D:13     | 23916 ||| DRINKING 7 potions of heal wounds.
 23917 | D:13     | 23917 ||| DRINKING 6 potions of heal wounds.
 23917 | D:13     | Killed from afar by Frances

Levels and vault maps discovered:
D:1:      ncdulo_halloftheorcs, layout_loops_ring, serial_shops,
          nicolae_shop_behind_doors, ebering_ecumenical_altar_rust,
          nicolae_concentric_dashed_squares_wild
D:2:      layout_loops_cross, basic_altar, hangedman_decor_clover_reticule
D:3:      layout_rooms, saegor_snake_ambush, uniq_jessica
D:4:      layout_loops_ring, minitemple, minmay_unequal, uniq_crazy_yiuf_cottage
D:5:      layout_basic, serial_shops, shop, roderic_three_in_a_row
D:6:      layout_loops_corners, mainiacjoe_overflow_six_doors_small,
          uniq_edmund, uniq_eustachio, uniq_grinder
D:7:      layout_layer_cave, temple_fountains, kennysheep_generic_room_14
D:8:      layout_basic, lair_entry_dummy
D:9:      layout_loops_ring, zombieorc2_lemuel, gammafunk_ghost_grave,
          serial_shops, shop
D:10:     layout_long_grid, nicolae_tso_swordbearing_angel, nzn_ghost_randoct
D:11:     minmay_inside_and_out, layout_gridville, minivault_20,
          nicolae_shop_vocational
D:12:     layout_rooms
D:13:     layout_basic, uniq_frances
Lair:1:   layout_gridlike, nicolae_volcano_entry_batcave,
          gammafunk_ghost_berserking_beasts, uniq_fannar
Lair:2:   layout_layer_cave, shoals_dummy_entry, serial_bayou_shore_b
Lair:3:   layout_misc_corridors, dummy_spider_entry
Lair:4:   layout_regular_city, slime_entry_2
Lair:5:   guppyfry_lair_end_dragon, layout_hall_layers, wormcave,
          disabler_island, uniq_urug

Skill      XL: |  1  2  3  4  5  6  7  8  9 10 11 12 13 14 |
---------------+-------------------------------------------+-----
Axes           | 3 4 5 6 7 9 11 12 14 16 | 16.0
Throwing       | 1 2 3 5 |  5.0
Fighting       | 4 5 6 8 10 11 12 13 | 13.1
Dodging        | 2 3 |  3.3
Armour         | 3 4 5 10 12 | 12.6
Shields        | 5 |  5.6

Action                   |  1- 3 |  4- 6 |  7- 9 | 10-12 | 13-15 || total
-------------------------+-------+-------+-------+-------+-------++-------
Melee: Hand axe          |    52 |    98 |   260 |   127 |       ||   537
       Punch             |       |       |     6 |     3 |    11 ||    20
       Morningstar       |       |       |       |    21 |       ||    21
       War axe           |       |       |       |   168 |   780 ||   948
Throw: Boomerang         |    27 |     2 |    18 |    62 |   118 ||   227
       Javelin           |     4 |    30 |    22 |       |    48 ||   104
Invok: Berserk           |       |     3 |     9 |    19 |    19 ||    50
       Trog's Hand       |       |       |     1 |       |       ||     1
  Use: Scroll            |     5 |     3 |     7 |     6 |     8 ||    29
       Potion            |     1 |     3 |     1 |     2 |     5 ||    12
Armor: Animal skin       |     4 |       |       |       |       ||     4
       Ring mail         |    12 |    33 |   126 |   166 |       ||   337
       Chain mail        |       |       |       |       |   230 ||   230
       Plate armour      |       |       |       |       |   422 ||   422
Dodge: Dodged            |    23 |    51 |   118 |   200 |   271 ||   663
Block: Tower shield      |       |       |       |       |   123 ||   123

Table legend:
 A = Non-vault XP
 B = Vault XP
 C = Vault XP percentage of total XP
 D = Non-vault monster count
 E = Vault monster count
 F = Vault count percentage of total count
                 A         B        C        D         E       F
            +---------+---------+-------+---------+---------+-------
      Total |   44028 |   18079 |  29.1 |     269 |      99 |  26.9
            +---------+---------+-------+---------+---------+-------
        D:1 |      37 |       0 |   0.0 |      23 |       0 |   0.0
        D:2 |      11 |       0 |   0.0 |       5 |       0 |   0.0
        D:3 |      60 |      39 |  39.4 |      11 |       3 |  21.4
        D:4 |     252 |       8 |   3.1 |      22 |       3 |  12.0
        D:5 |     510 |       0 |   0.0 |      16 |       0 |   0.0
        D:6 |     435 |     651 |  59.9 |      11 |       3 |  21.4
        D:7 |     965 |      39 |   3.9 |      11 |       1 |   8.3
        D:8 |    1367 |     356 |  20.7 |      14 |       3 |  17.6
        D:9 |    1583 |     306 |  16.2 |      10 |      33 |  76.7
       D:10 |     930 |       0 |   0.0 |      10 |       0 |   0.0
       D:11 |    2175 |    4544 |  67.6 |      11 |      14 |  56.0
       D:12 |    4770 |       0 |   0.0 |      20 |       0 |   0.0
       D:13 |    3856 |       0 |   0.0 |       8 |       0 |   0.0
     Lair:1 |    4473 |    1446 |  24.4 |      19 |       4 |  17.4
     Lair:2 |    3758 |       0 |   0.0 |      12 |       0 |   0.0
     Lair:3 |    1695 |       0 |   0.0 |       7 |       0 |   0.0
     Lair:4 |    6536 |       0 |   0.0 |      23 |       0 |   0.0
     Lair:5 |   10615 |   10690 |  50.2 |      36 |      35 |  49.3
            +---------+---------+-------+---------+---------+-------
